 Dungeon Crawl Stone Soup version 0.21.0 (webtiles) character file.

105 Hekarica the Sneak (level 4, -9/40 HPs)
             Began as a Naga Assassin on May 20, 2018.
             Was an Initiate of Gozag.
             Mangled by an ice beast (12 damage)
             ... on level 3 of the Dungeon.
             The game lasted 00:13:48 (1913 turns).

Hekarica the Sneak (Naga Assassin)                  Turns: 1913, Time: 00:13:51

Health: -9/40      AC:  3    Str: 14    XL:     4   Next: 81%
Magic:  4/4        EV: 10    Int: 16    God:    Gozag
Gold:   187        SH:  0    Dex: 15    Spells: 3/3 levels left

rFire    . . .     SeeInvis +   a - +2 dagger
rCold    . . .     Gourm    .   (no shield)
rNeg     . . .     Faith    .   m - +0 leather armour
rPois    +         Spirit   .   (helmet restricted)
rElec    .         Reflect  .   d - +0 cloak
rCorr    .         Harm     .   (no gloves)
MR       .....                  (no barding)
Stlth    +++.......             (no amulet)
HPRegen  0.13/turn              r - +5 ring of intelligence
MPRegen  0.09/turn              f - ring of flight

@: very slow
A: large, horns 1, see invisible, agile 1, deformed body, poison resistance,
slowness 2, slow metabolism 1, spit poison 1, AC +1
a: Spit Poison, Potion Petition, Call Merchant, Bribe Branch, Renounce Religion,
Evoke Flight


You were on level 3 of the Dungeon.
You worshipped Gozag.
Gozag was aware of your devotion.
You were not hungry.

You visited 1 branch of the dungeon, and saw 3 of its levels.

You collected 202 gold pieces.
You paid 15 gold pieces to Gozag.

Inventory:

Hand Weapons
 a - a +2 dagger (weapon)
 b - a +0 blowgun
Missiles
 e - 3 poisoned needles
 i - 24 arrows
 q - 15 bolts
Armour
 d - a +0 cloak (worn)
 m - a +0 leather armour (worn)
Jewellery
 f - a ring of flight (right hand)
 r - a +5 ring of intelligence (left hand)
Scrolls
 c - 2 scrolls of fog {unknown}
 k - a scroll of immolation {unknown}
 l - a scroll of magic mapping {unknown}
 n - a scroll of noise {unknown}
 o - a scroll of fear {unknown}
 p - 2 scrolls of remove curse {unknown}
 s - 2 scrolls of enchant weapon {unknown}
Potions
 h - a potion of curing {unknown}
 j - a potion of mutation
Comestibles
 g - 11 rations


   Skills:
 + Level 2.7 Fighting
 + Level 2.7 Short Blades
 - Level 1.7 Throwing
 + Level 1.6 Dodging
 * Level 7.3 Stealth


You had 3 spell levels left.
You didn't know any spells.

Dungeon Overview and Level Annotations

Branches:
Dungeon (3/15)

Altars:
Ashenzari
Elyvilon
Gozag
Trog

Annotations:
D:2 exclusion: ogre
D:3 vykuza's ghost, amateur GrFi


Innate Abilities, Weirdness & Mutations

You cannot wear boots.
Your serpentine skin is tough. (AC +1)
You have supernaturally acute eyesight. (SInv)
Armour fits poorly on your strangely shaped body.
Your system is resistant to poisons. (rPois)
You cover ground very slowly.
You have a slow metabolism.
You can spit poison.
You have a pair of small horns on your head.
You are agile. (Dex +2)


Message History

* * * LOW HITPOINT WARNING * * *
The ice beast freezes you!
* * * LOW HITPOINT WARNING * * *
You hit the ice beast.
The ice beast is almost dead.
The ice beast hits you but does no damage.
You hit the ice beast but do no damage.
You headbutt the ice beast, but do no damage.
The ice beast is almost dead.
The ice beast hits you but does no damage.
You closely miss the ice beast.
The ice beast is almost dead.
You barely miss the ice beast.
You headbutt the ice beast, but do no damage.
The ice beast is almost dead.
The ice beast hits you.
* * * LOW HITPOINT WARNING * * *
The ice beast freezes you!
You die...
Your body crumbles into a pile of gold.

.......## #........##.#######
#......# #........##.#
##......# #....##.....#
#####...# #..####..#### # ....
#..####..####### # #####....##
#........#.....# ##
#............##..#####.#.....#
#. ...............Y.#
#.......# ##
#............###@#
###.....#### #####....### #.#
#.....##.# # ... #.#
########.. # # #.# ### # #..
## ##. ##. . #.# .# #.# ##.


You could see an ice beast.

Vanquished Creatures
  Natasha (twice) (D:2)
  2 adders
  2 dart slugs (D:1)
  2 leopard geckos (D:1)
  4 bats
  4 goblins
  5 hobgoblins
  4 kobolds
  2 quokkas (D:3)
  A frilled lizard (D:3)
  4 rats
32 creatures vanquished.

Notes
Turn   | Place    | Note
-------+----------+-------------------------------------------
     0 | D:1      | Hekarica the Naga Assassin began the quest for the Orb.
     0 | D:1      | Reached XP level 1. HP: 19/19 MP: 1/1
    53 | D:1      | Reached skill level 6 in Stealth
   114 | D:1      | Reached skill level 1 in Dodging
   114 | D:1      | Reached XP level 2. HP: 26/26 MP: 2/2
   706 | D:2      | Found a white marble altar of Elyvilon.
   706 | D:2      | Found a bloodstained altar of Trog.
   709 | D:2      | Found an opulent altar of Gozag.
   763 | D:2      | Became a worshipper of Gozag Ym Sagoz the Greedy
   785 | D:2      | Reached XP level 3. HP: 32/33 MP: 3/3
   866 | D:2      | Noticed Natasha
   884 | D:2      | Killed Natasha
   884 | D:2      | Reached XP level 4. HP: 21/40 MP: 4/4
  1065 | D:2      | Noticed Natasha
  1087 | D:2      | Killed Natasha
  1087 | D:2      | Reached skill level 7 in Stealth
  1357 | D:2      | Noticed an ogre
  1549 | D:2      | Found a faded altar of an unknown god.
  1675 | D:3      | Noticed vykuza's ghost (amateur GrFi)
  1821 | D:3      | Found a shattered altar of Ashenzari.
  1886 | D:3      | Noticed an ice beast
  1888 | D:3      | Gained mutation: You are agile. (Dex +2) [potion of mutation]
  1888 | D:3      | Gained mutation: You have a pair of small horns on your head. [potion of mutation]
  1913 | D:3      | Mangled by an ice beast

Skill      XL: |  1  2  3  4 |
---------------+-------------+-----
Stealth        | 6 7 |  7.3
Dodging        | 1 |  1.6
Fighting       | |  2.7
Short Blades   | |  2.7
Throwing       | |  1.7

Action                   |  1- 3 |  4- 6 || total
-------------------------+-------+-------++-------
Melee: Dagger            |    34 |    56 ||    90
       Headbutt          |       |     7 ||     7
 Fire: Blowgun           |    38 |     4 ||    42
  Use: Scroll            |       |     2 ||     2
       Potion            |       |     1 ||     1
 Stab: Sleeping          |     4 |     7 ||    11
  Eat: Ration            |       |     1 ||     1
Armor: Robe              |     4 |       ||     4
       Leather armour    |     2 |    11 ||    13
Dodge: Dodged            |    16 |    18 ||    34
